 Dungeon Crawl Stone Soup version 0.30-a0-154-gb106f4c828 (webtiles) character file.

Game seed: 4931031967611068206

86376 Decritt the Fighter (level 15, -2/100 HPs)
             Began as a Gargoyle Earth Elementalist on Sept 27, 2022.
             Was a High Priest of Vehumet.
             Slain by a sun demon (5 damage)
             ... summoned by an orc sorcerer
             ... on level 2 of the Orcish Mines.
             The game lasted 01:58:12 (41256 turns).

Decritt the Fighter (Gargoyle Earth Elementalist)  Turns: 41256, Time: 01:58:12

Health: -2/100     AC: 25    Str: 13    XL:     15   Next: 87%
Magic:  24/27      EV: 15    Int: 25    God:    Vehumet [*****.]
Gold:   1866       SH: 22    Dex: 16    Spells: 18/30 levels left

rFire   + . .      SeeInvis +    k - +4 spear "Conservator" {spect, Int+3 SInv}
rCold   . . .      Faith    .    v - +2 tower shield
rNeg    + . .      Spirit   .    K - +2 robe {Will+}
rPois   ∞          Reflect  +    h - +1 helmet
rElec   +          Harm     .    E - scarf {shadows}
rCorr   .          Rampage  .    a - +2 pair of gloves
Will    ++...                    n - +2 pair of boots
Stlth   ++........               m - amulet of reflection
HPRegen 0.26/turn                y - ring of protection from fire
MPRegen 0.20/turn                B - +6 ring of dexterity

@: about to teleport, flying
A: sickness immunity, AC +11, big wings, negative energy resistance 1,
electricity resistance, torment resistance 1, petrification resistance
a: Renounce Religion


You were on level 2 of the Orcish Mines.
You worshipped Vehumet.
Vehumet was extremely pleased with you.
You visited 4 branches of the dungeon, and saw 23 of its levels.
You also visited: Gauntlet.

You collected 2071 gold pieces.
You spent 205 gold pieces at shops.

Inventory:

Hand Weapons
 k - the +4 spear "Conservator" (weapon) {spect, Int+3 SInv}
   (You found it on level 4 of the Dungeon)

   When its wielder attacks, the weapon's spirit leaps out and strikes again.
   The spirit shares a part of any damage it takes with its wielder.
   Int:       It affects your intelligence (+3).
   SInv:      It lets you see invisible.
 A - the +10 war axe "Xexa" {holy, Int+4}
   (You found it on level 10 of the Dungeon)

   It has been blessed by the Shining One to cause great damage to the undead
   and demons.
   Int:       It affects your intelligence (+4).
 D - the +10 shortbow of Wondrous Power {venom, +Blink}
   (You found it on level 1 of the Lair of Beasts)

   Any ammunition fired from it poisons the flesh of those it strikes.
   +Blink:    It lets you blink.
Missiles
 N - 2 throwing nets
Armour
 a - a +2 pair of gloves (worn)
 e - +1 acid dragon scales
 h - a +1 helmet (worn)
 n - a +2 pair of boots (worn)
 v - a +2 tower shield (worn)
 E - a scarf of shadows (worn)
 K - a +2 robe of willpower (worn)
 O - a +1 robe of the Archmagi
Magical Staves
 d - a staff of earth
 M - a staff of conjuration
Jewellery
 c - a ring of fire
 m - an amulet of reflection (around neck)
 u - an amulet of magic regeneration
 y - a ring of protection from fire (left hand)
 B - a +6 ring of dexterity (right hand)
 F - a ring of positive energy
 L - a ring of magical power
Scrolls
 f - a scroll of amnesia
 o - 2 scrolls of torment
 p - 6 scrolls of butterflies
 r - 9 scrolls of identify
 s - a scroll of summoning
 t - 4 scrolls of teleportation
 x - 4 scrolls of enchant weapon
 z - 4 scrolls of immolation
 C - a scroll of fear
 G - 2 scrolls of poison
 H - a scroll of brand weapon
 I - a scroll of magic mapping
Potions
 b - 4 potions of magic
 g - 4 potions of brilliance
 i - 6 potions of ambrosia
 j - 2 potions of mutation
 l - a potion of resistance
 q - a potion of heal wounds
 w - 4 potions of curing
 J - 2 potions of haste


   Skills:
 - Level 14.0 Fighting
 - Level 3.0 Polearms
 - Level 10.7 Armour
 - Level 11.0 Dodging
 - Level 2.1 Stealth
 * Level 7.4 Shields
 - Level 8.1 Spellcasting
 - Level 11.4 Conjurations
 - Level 1.4 Translocations
 - Level 0.7 Transmutations
 - Level 3.0 Air Magic
 - Level 13.5 Earth Magic


You had 18 spell levels left.
You knew the following spells:

 Your Spells              Type           Power      Damage    Failure   Level
a - Sandblast             Erth           100%       2d20      1%          1
b - Stone Arrow           Conj/Erth      100%       3d13      1%          3
c - Swiftness             Air            25%        N/A       38%         3
d - Apportation           Tloc           34%        N/A       26%         1
e - Animate Armour        Summ/Erth      88%        N/A       30%         4

Your spell library contained the following spells:

 Spells                   Type           Power      Damage    Failure   Level
 Iskenderun's Battlesphe  Conj           61%        2d11      3%          5
 Passwall                 Tmut/Erth      37%        N/A       3%          2
 Dazzling Flash           Conj/Hex       76%        N/A       4%          3
 Iskenderun's Mystic Bla  Conj/Tloc      42%        2d10      10%         4
 Poisonous Vapours        Pois/Air       34%        N/A       11%         2
 Freeze                   Ice            40%        1d6       13%         1
 Hailstorm                Conj/Ice       38%        3d9       13%         4
 Petrify                  Tmut/Erth      45%        N/A       26%         4
 Frozen Ramparts          Ice            20%        1d4       34%         3
 Sting                    Tmut/Pois      44%        1d5       38%         1
 Ensorcelled Hibernation  Hex/Ice        20%        N/A       58%         2
 Olgreb's Toxic Radiance  Pois           10%        N/A       71%         4
 Spider Form              Tmut/Pois      11%        N/A       77%         3
 Starburst                Conj/Fire      19%        6d7       83%         6
 Manifold Assault         Tloc           17%        N/A       95%         4
 Summon Lightning Spire   Summ/Air       17%        N/A       95%         4
 Lehudib's Crystal Spear  Conj/Erth      32%        10d8      98%         8
 Anguish                  Hex/Necr       5%         N/A       99%         4
 Dispel Undead            Necr           10%        3d9       99%         4
 Death Channel            Necr           5%         N/A       100%        6
 Summon Hydra             Summ           5%         N/A       100%        7
 Cigotuvi's Dreadful Rot  Necr/Pois/Air  Unusable   N/A       N/A         2

Dungeon Overview and Level Annotations

Branches:
Dungeon (14/15)            Temple (0/1) D:6            Lair (5/5) D:8
  Swamp (0/4) Lair:2       Spider (2/4) Lair:2        Slime (0/5) Lair:4
    Orc (2/2) D:11            Elf (0/3) Orc:2        Vaults (0/5) D:13
Gauntlet (visited)

Altars:
Cheibriados
Fedhas
Kikubaaqudgha
Makhleb
Okawaru
Qazlal
Ru
Trog
Vehumet
Wu Jian
Zin
The Shining One
Jiyva

Shops:
Orc:1 **   Orc:2 !*

Portals:
Hell: Lair:5
Trove: D:11 (give +3 ice dragon scales)

Annotations:
Spider:1 Louise


Innate Abilities, Weirdness & Mutations

You are immune to sickness and miasma.
Your stone body is resilient. (AC +11)
You are immune to poison.
Your large and strong wings let you fly.
You resist negative energy. (rN+)
You are resistant to electric shocks. (rElec)
You are resistant to unholy torment.
You are immune to petrification.


Message History

Press: ? - help, Shift-Dir - straight line, f/p - chaos spawn
Aim: a chaos spawn (heavily wounded, summoned, 72% to hit)
The stone arrow hits the chaos spawn!!
You kill the chaos spawn!
The chaos spawn degenerates into a cloud of primal chaos!
The sun demon is engulfed in seething chaos.
You block the sun demon's attack. The sun demon attacks as you move away!
You block the sun demon's attack. You block the orc sorcerer's attack.
The sun demon attacks as you move away! You block the sun demon's attack.
The orc sorcerer attacks as you move away!
The orc sorcerer completely misses you. The sun demon attacks as you move away!
The sun demon hits you!
* * * LOW HITPOINT WARNING * * *
You are engulfed in flames!
* * * LOW HITPOINT WARNING * * *
You're wearing all the rings you can.
Remove which one? (? for menu, Esc to cancel) < or
L - a ring of magical power; > or
B - a +6 ring of dexterity You remove your ring of magical power.
You feel your magic capacity decrease. You block the sun demon's attack.
The orc sorcerer mumbles some strange words.
y - a ring of protection from fire (left hand)
The sun demon hits you but does no damage.
As you read the scroll of teleportation, it crumbles to dust.
You feel strangely unstable. You block the sun demon's attack.
The orc sorcerer casts a spell at you. The bolt of negative energy misses you.
You block the sun demon's attack.
The sun demon hits you but does no damage.
The orc sorcerer casts a spell at you.
The bolt of fire hits you but does no damage.
The sun demon hits you but does no damage.
The sun demon hits you!
* * * LOW HITPOINT WARNING * * *
You are engulfed in flames!
You resist.
* * * LOW HITPOINT WARNING * * *
The sun demon hits you!
* * * LOW HITPOINT WARNING * * *
You are engulfed in flames.
You resist.
You die...

......##......####..#####........
.......#......###.[###.###.#..#..
.............###))###...###....##
#...........###..###)#)#.###...#.
...........###.)###..)#...###....
..........###[[###[..###...###.#.
.........###.[###...##.##...#####
........###..)..3o.##..4##o..##
.......###...)#.@3##..#..##.4.##
.....####...#....##.4 ##..##)#.##
.....###∩.#.....##.4 ##o......#
....###.....#..##.. ##.#.....
.....###∩.#.....## #.......#
....## ##...#..[.## #..##)#.##
..### ##....#.o.## #..##...## ..#
##.....oo.##...##...## ...#
##..###..)##.##)..##


You could see 2 sun demons and an orc sorcerer.

Vanquished Creatures
  2 demonspawn (Orc:2)
  A vault guard (D:13)
  3 catoblepae
  4 hydras
  A centaur warrior (D:14)
  2 boulder beetles (D:10)
  7 two-headed ogres
  4 orc high priests
  5 death yaks (Lair:5)
  A tengu warrior (D:11)
  Urug (Lair:1)
  A sun demon (Lair:5)
  2 soul eaters (Orc:2)
  Nergalle (Lair:1)
  A skeletal warrior (D:11)
  Amaemon (Lair:2)
  A sun moth (Spider:2)
  A wizard (Lair:5)
  A swamp dragon (shapeshifter) (D:11)
  5 orc knights
  6 orc sorcerers (Orc:2)
  3 ugly things (D:11)
  5 wolf spiders
  5 manticores
  A deep elf pyromancer (D:13)
  A moth of wrath (Orc:2)
  5 cyclopes
  A rust devil (Orc:2)
  5 black mambas
  12 cane toads
  A freezing wraith (D:13)
  2 unseen horrors (D:11)
  4 orange demons
  A torpor snail (Spider:1)
  Maggie (Lair:2)
  A demonic crawler (Lair:2)
  2 gargoyles
  6 rime drakes
  4 komodo dragons
  An efreet (D:13)
  3 kobold demonologists
  A hellwing (Lair:5)
  3 burning bushes (Lair:5)
  2 red devils (Lair:5)
  3 ice devils
  10 trolls
  6 meliai
  A queen bee (D:13)
  3 polar bears
  4 tarantellas
  3 hornets
  7 blink frogs
  5 dream sheep (Lair:5)
  5 slime creatures
  4 jumping spiders
  53 yaks
  5 culicivoras (Spider:1)
  2 shadows
  4 wraiths
  3 water elementals (D:14)
  3 wyverns (Lair:1)
  2 vampires (D:10)
  2 basilisks
  11 redbacks (Spider:1)
  A steam dragon (D:8)
  3 vampire mosquitoes
  Menkaure (D:7)
  5 wargs
  3 acid dragons
  12 water moccasins
  5 hell hounds (Lair:5)
  37 orc warriors
  2 black bears (D:8)
  2 sky beasts
  4 ogres
  24 wolves
  A boggart (D:11)
  9 centaurs
  5 kobold brigands
  11 bullfrogs
  2 necrophages (D:5)
  7 scorpions
  11 wights
  24 killer bees
  4 howler monkeys
  5 electric eels
  A gnoll bouda (D:8)
  14 jellies
  19 orc priests
  5 hounds
  8 iguanas
  23 orc wizards
  Robin (D:2)
  5 adders
  A white imp (D:6)
  6 worms
  8 dart slugs
  78 orcs
  12 endoplasms
  5 giant cockroaches
  13 goblins
  8 hobgoblins
  2 jackals (D:5)
  9 quokkas
  7 ball pythons
  4 bats
  3 frilled lizards
  10 kobolds
  6 rats
683 creatures vanquished.

Vanquished Creatures (others)
  A tarantella (Spider:2)
  A water elemental (D:14)
  An orc priest (Orc:2)
  An orc wizard (Orc:2)
  4 bushes (Lair:5)
  56 fungi
  82 plants
146 creatures vanquished.

Grand Total: 829 creatures vanquished

Notes
Turn   | Place    | Note
-------+----------+-------------------------------------------
     0 | D:1      | Decritt the Gargoyle Earth Elementalist began the quest for
                  | the Orb.
     0 | D:1      | Reached XP level 1. HP: 10/10 MP: 3/3
   166 | D:1      | Reached XP level 2. HP: 16/16 MP: 3/5
   793 | D:1      | Reached skill level 1 in Armour
  1048 | D:1      | Reached XP level 3. HP: 20/20 MP: 4/6
  1060 | D:1      | Reached skill level 1 in Fighting
  1115 | D:1      | Reached skill level 1 in Conjurations
  1838 | D:2      | Noticed Robin
  1863 | D:1      | Reached XP level 4. HP: 3/25 MP: 2/7
  2368 | D:2      | Killed Robin
  2408 | D:2      | Learned a level 3 spell: Stone Arrow
  3252 | D:3      | Found a faded altar of an unknown god.
  3344 | D:3      | Reached skill level 2 in Fighting
  3344 | D:3      | Reached XP level 5. HP: 20/30 MP: 6/8
  4018 | D:4      | Reached XP level 6. HP: 21/36 MP: 5/10
  4163 | D:4      | Identified the +4 spear "Conservator" {spect, Int+3 SInv}
  4209 | D:4      | Found a sacrificial altar of Ru.
  4738 | D:5      | Entered Level 5 of the Dungeon
  4803 | D:5      | Reached skill level 3 in Fighting
  4803 | D:5      | Reached skill level 5 in Earth Magic
  4848 | D:5      | Reached XP level 7. HP: 41/41 MP: 11/11
  5073 | D:5      | Found a snail-covered altar of Cheibriados.
  5075 | D:5      | Found an ancient bone altar of Kikubaaqudgha.
  5453 | D:5      | Found a radiant altar of Vehumet.
  5454 | D:5      | Found a burning altar of Makhleb.
  5457 | D:5      | Found a blossoming altar of Fedhas.
  5458 | D:5      | Became a worshipper of Vehumet
  5459 | D:5      | Found a stormy altar of Qazlal.
  5461 | D:5      | Found an ornate altar of the Wu Jian Council.
  5466 | D:5      | Found a glowing silver altar of Zin.
  5680 | D:6      | Found a staircase to the Ecumenical Temple.
  5865 | D:6      | Reached skill level 1 in Polearms
  5877 | D:6      | Reached XP level 8. HP: 47/48 MP: 12/12
  6074 | D:6      | Reached skill level 4 in Fighting
  6523 | D:6      | Found a glowing golden altar of the Shining One.
  6760 | D:7      | Reached * piety under Vehumet
  6760 | D:7      | Offered knowledge of Shock by Vehumet.
  7251 | D:7      | Reached XP level 9. HP: 35/53 MP: 8/13
  7477 | D:7      | Noticed Menkaure
  7481 | D:7      | Killed Menkaure
  7482 | D:7      | Reached skill level 5 in Fighting
  7482 | D:7      | Reached skill level 5 in Armour
  8145 | D:8      | Reached skill level 5 in Conjurations
  8451 | D:8      | Noticed a two-headed ogre
  8461 | D:8      | Killed a two-headed ogre
  8462 | D:8      | Reached skill level 6 in Fighting
  8462 | D:8      | Reached skill level 5 in Dodging
  8462 | D:8      | Reached XP level 10. HP: 47/61 MP: 12/14
  8560 | D:8      | Found a staircase to the Lair.
  9185 | D:8      | Reached ** piety under Vehumet
  9185 | D:8      | Offered knowledge of Scorch by Vehumet.
  9439 | D:9      | Found a transporter.
  9439 | D:9      | Found a transporter.
  9817 | D:9      | Reached skill level 7 in Fighting
 10491 | D:9      | Found a bloodstained altar of Trog.
 10492 | D:9      | Found an iron altar of Okawaru.
 11176 | D:10     | Entered Level 10 of the Dungeon
 11367 | D:9      | Reached XP level 11. HP: 42/68 MP: 2/15
 11766 | D:10     | Noticed a two-headed ogre
 11773 | D:10     | Killed a two-headed ogre
 11774 | D:10     | Reached skill level 8 in Fighting
 12451 | D:10     | Noticed a two-headed ogre
 12456 | D:10     | Killed a two-headed ogre
 12848 | D:10     | Identified the +10 war axe "Xexa" {holy, Int+4}
 13059 | Lair:1   | Entered Level 1 of the Lair of Beasts
 13411 | Lair:1   | Noticed a catoblepas
 13412 | Lair:1   | Noticed Nergalle
 13455 | D:8      | Killed a catoblepas
 13456 | D:8      | Reached skill level 10 in Earth Magic
 13643 | Lair:1   | Killed Nergalle
 14063 | Lair:1   | Reached skill level 9 in Fighting
 14143 | Lair:1   | Identified the +10 shortbow of Wondrous Power {venom,
                  | +Blink}
 14540 | Lair:1   | Offered knowledge of Kindle Blastsparks by Vehumet.
 15174 | Lair:2   | Reached XP level 12. HP: 34/76 MP: 3/19
 15464 | Lair:1   | Reached skill level 5 in Spellcasting
 15814 | Lair:2   | Noticed Maggie
 15823 | Lair:2   | Killed Maggie
 15924 | Lair:2   | Found a staircase to the Swamp.
 15933 | Lair:2   | Reached *** piety under Vehumet
 16098 | Lair:2   | Noticed Amaemon
 16540 | Lair:2   | Noticed Urug
 16541 | Lair:2   | Reached skill level 10 in Fighting
 16663 | Lair:1   | Killed Urug
 16884 | Lair:2   | Killed Amaemon
 17007 | Lair:2   | Found a hole to the Spider Nest.
 17064 | Lair:2   | Found the +8 autumn katana {vorpal, manifold assault}
 17744 | Lair:3   | Reached skill level 1 in Translocations
 17826 | Lair:3   | Offered knowledge of Sticky Flame by Vehumet.
 17836 | Lair:2   | Reached skill level 1 in Air Magic
 18063 | Lair:3   | Noticed a catoblepas
 18096 | Lair:3   | Killed a catoblepas
 19049 | Lair:3   | Reached skill level 11 in Fighting
 19049 | Lair:3   | Reached XP level 13. HP: 52/84 MP: 22/22
 19333 | Lair:4   | Identified the +5 battleaxe of Brawling {holy, Fly Str+2
                  | Int+4 Dex-4}
 19493 | Lair:4   | Reached **** piety under Vehumet
 19701 | Lair:4   | Offered knowledge of Flame Wave by Vehumet.
 20125 | Lair:4   | Found a viscous altar of Jiyva.
 20125 | Lair:4   | Found a staircase to the Slime Pits.
 20559 | Lair:4   | Learned a level 3 spell: Swiftness
 20614 | Lair:5   | Entered Level 5 of the Lair of Beasts
 22299 | Lair:3   | Reached skill level 12 in Fighting
 24407 | Lair:5   | Gained mutation: Your large and strong wings let you fly.
                  | [Gargoyle growth]
 24407 | Lair:5   | Reached XP level 14. HP: 90/92 MP: 21/24
 24494 | Lair:5   | Found a burning altar of Makhleb.
 24523 | Lair:5   | Reached skill level 10 in Dodging
 24527 | Lair:5   | Reached skill level 10 in Armour
 25068 | Lair:5   | Reached ***** piety under Vehumet
 25367 | Lair:5   | Found a gateway to Hell.
 25990 | D:11     | Found a staircase to the Orcish Mines.
 26175 | D:11     | Found a portal to a secret trove of treasure.
 26198 | D:11     | Reached skill level 13 in Fighting
 26359 | D:11     | Offered knowledge of Irradiate by Vehumet.
 28207 | D:11     | Got the Anthology of the United Jaunt
 28210 | D:11     | Learned a level 1 spell: Apportation
 28256 | D:10     | Reached skill level 10 in Conjurations
 28536 | D:11     | Identified the +3 leather armour "Kuqetron" {Harm Will+
                  | Str+2 Int-4}
 29238 | D:12     | Found a gate leading to a gauntlet.
 29245 | Gauntlet | Entered a Gauntlet
 29245 | Gauntlet | Found a transporter.
 29245 | Gauntlet | Found a transporter.
 29245 | Gauntlet | Found a transporter.
 29246 | Gauntlet | Found a transporter.
 29249 | Gauntlet | Found a transporter.
 29263 | Gauntlet | Found a transporter.
 29264 | Gauntlet | Found a transporter.
 29273 | Gauntlet | Found a transporter.
 29274 | Gauntlet | Found a transporter.
 29274 | Gauntlet | Found a transporter.
 29275 | Gauntlet | Found a transporter.
 29371 | Gauntlet | Found a transporter.
 31534 | D:13     | Found a gate to the Vaults.
 32116 | D:13     | Reached XP level 15. HP: 59/99 MP: 21/26
 32766 | D:14     | Identified the +3 chain mail "Kohull" {rCorr} (You found it
                  | on level 14 of the Dungeon)
 33507 | Spider:1 | Entered Level 1 of the Spider Nest
 33667 | Spider:1 | Offered knowledge of Eringya's Noxious Bog by Vehumet.
 33916 | Spider:1 | Learned a level 4 spell: Animate Armour
 34884 | Spider:1 | Noticed Louise
 35661 | Orc:1    | Entered Level 1 of the Orcish Mines
 35740 | Orc:1    | Found Cadonas's General Store.
 35743 | Orc:1    | Found Yxenwuen's Specific Store.
 35753 | Orc:1    | Bought a scroll of teleportation for 45 gold pieces
 35753 | Orc:1    | Bought a potion of heal wounds for 75 gold pieces
 35869 | Orc:2    | Entered Level 2 of the Orcish Mines
 37059 | Orc:2    | Noticed an orc warlord
 37178 | Orc:1    | Offered knowledge of Iskenderun's Battlesphere by Vehumet.
 37289 | Orc:1    | Reached skill level 1 in Shields
 38775 | Orc:2    | Found a staircase to the Elven Halls.
 39612 | Orc:2    | Found Tusodaot's Distillery.
 39613 | Orc:2    | Found Ikhlag's General Store.
 39642 | Orc:2    | Reached skill level 14 in Fighting
 39786 | Orc:2    | Bought a potion of heal wounds for 85 gold pieces
 40459 | Orc:2    | Reached skill level 5 in Shields
 41256 | Orc:2    | HP: 3/100 [sun demon[an orc sorcerer] (13)]
 41256 | Orc:2    | Slain by a sun demon

Illustrated notes

Levels and vault maps discovered:
D:1:      sevenhm_arrival_forest_fort_small_4, layout_basic,
          amcnicky_mini_corridor_feature
D:2:      layout_loops_ring, minmay_pentomino_s2, uniq_robin
D:3:      layout_rooms, chequers_ecumenical_altar_twisty,
          grunt_decor_mini_mirrors, serial_bayou_ford_a, bh_walls_and_bars
D:4:      layout_cave_pools, nicolae_overflow_crystal_walls
D:5:      layout_loops_corners, nicolae_overflow_hallway_of_the_gods,
          serial_glass, glass_columns_a, glass_columns_a, glass_columns_a,
          glass_columns_a, glass_columns_b, glass_columns_b, glass_columns_a,
          glass_columns_a, glass_columns_b, glass_columns_a, glass_columns_a,
          glass_columns_b, glass_columns_a, glass_columns_c
D:6:      layout_loops_corners, tso_altar, temple_pool_b
D:7:      layout_loops_corners, uniq_menkaure
D:8:      layout_basic, due_lair_maze_entry_diamond, minivault_14,
          hangedman_decor_lopped
D:9:      layout_gridville, grunt_temple_overflow_bloody_war,
          nicolae_diode_stairs
D:10:     layout_grid_maze
D:11:     minmay_the_grid_octo_tiled_squarecenter_mashed
          [minmay_the_grid_octo_odd_swirl, minmay_the_grid_octo_fan_narrow,
          minmay_the_grid_octo_checkerflower, minmay_the_grid_octo_checkered,
          minmay_the_grid_square_5x5_megaprize_open,
          minmay_the_grid_square_5x5_pentomino_r,
          minmay_the_grid_square_5x5_bite, minmay_the_grid_square_5x5_corner,
          minmay_the_grid_square_5x5_n_small], layout_cave_pods, david_orc_3,
          enter_trove_1
D:12:     layout_roguey, gauntlet_entry_generic
D:13:     layout_roguey, david_vaults_5, special_room [special_room_bee]
D:14:     layout_basic, serial_curves, eino_curves_02, eino_curves_03,
          chequers_serial_rivers_micro_c
Lair:1:   layout_cellular_growth, uniq_nergalle
Lair:2:   layout_regular_city, minmay_swamp_entry_swarm,
          nicolae_spider_entry_non_spiders, lemuel_fruit_fields,
          grunt_megastairs_3, uniq_urug, uniq_maggie, uniq_amaemon
Lair:3:   layout_hall_layers, grunt_megastairs_4, serial_bayou_shore_b,
          serial_bayou_shore_b
Lair:4:   layout_long_grid, minmay_slime_entry_jelly_boxes, lemuel_fruit_fields
Lair:5:   evil_forest, layout_hall_layers, chequers_serial_rivers_room_b,
          evilmike_ambush [evilmike_ambush_outer_pillars,
          evilmike_ambush_inner_pond]
Spider:1: layout_spider_delve, uniq_louise
Spider:2: layout_cave_pods, gammafunk_ghost_cemetery
Orc:1:    layout_caves, nicolae_specific_store
Orc:2:    pf_orc_diabolical, layout_caves, hangedman_feature_mirror

Skill      XL: |  1  2  3  4  5  6  7  8  9 10 11 12 13 14 15 |
---------------+----------------------------------------------+-----
Armour         | 1 2 3 4 6 7 8 9 10 | 10.7
Fighting       | 1 2 3 4 6 7 9 11 12 13 14 | 14.0
Conjurations   | 1 2 3 4 6 7 9 10 11 | 11.4
Earth Magic    | 4 5 6 7 9 10 11 12 13 | 13.5
Dodging        | 2 3 4 5 6 7 8 9 10 11 | 11.0
Spellcasting   | 3 4 6 7 8 |  8.1
Polearms       | 1 2 3 |  3.0
Translocations | 1 |  1.4
Air Magic      | 1 3 |  3.0
Shields        | 7 |  7.4
Stealth        | |  2.1
Transmutations | |  0.7

Action                   |  1- 3 |  4- 6 |  7- 9 | 10-12 | 13-15 || total
-------------------------+-------+-------+-------+-------+-------++-------
Melee: Unarmed           |     7 |       |       |       |       ||     7
       Staff             |    14 |    17 |       |       |       ||    31
       Punch             |       |     1 |       |     3 |     3 ||     7
       Spear             |       |    17 |   102 |   273 |   376 ||   768
 Fire: Shortbow          |       |       |       |    31 |       ||    31
 Cast: Sandblast         |    53 |    78 |    42 |    33 |    77 ||   283
       Stone Arrow       |       |       |    10 |   169 |   824 ||  1003
       Swiftness         |       |       |       |       |     5 ||     5
       Animate Armour    |       |       |       |       |     2 ||     2
       Apportation       |       |       |       |       |     1 ||     1
Evoke: Phial of floods   |       |       |       |     1 |       ||     1
  Use: Scroll            |       |     7 |    12 |     8 |    15 ||    42
       Potion            |       |     2 |       |     3 |     9 ||    14
 Stab: Distracted        |       |     1 |     1 |     4 |       ||     6
       Sleeping          |       |       |     2 |     1 |     1 ||     4
Armor: Robe              |    15 |    10 |       |       |    32 ||    57
       Leather armour    |       |    11 |     7 |       |       ||    18
       Ring mail         |       |       |     7 |     3 |       ||    10
       Steam dragon scal |       |       |       |   162 |   108 ||   270
       Acid dragon scale |       |       |       |       |   297 ||   297
Dodge: Dodged            |    21 |    30 |    31 |   310 |   696 ||  1088
Block: Other             |       |     5 |     2 |    99 |   158 ||   264
       Reflection        |       |       |     1 |       |     8 ||     9
       Tower shield      |       |       |       |       |   288 ||   288

Table legend: (Time is in decaauts)
 A = Elapsed time spent in this place.
 B = Non-inter-level travel time spent in this place.
 C = Inter-level travel time spent in this place.
 D = Time resting spent in this place.
 E = Time spent auto-exploring this place.
 F = Levels seen in this place.
 G = Mean time per level.
                   A        B        C        D        E       F      G
               +--------+--------+--------+--------+--------+-----+--------+
         Total |  41571 |  40154 |   1417 |  19263 |  14411 |  24 | 1732.1 |
       Dungeon |  21278 |  20174 |   1104 |   8213 |   9113 |  14 | 1519.9 |
          Lair |  13289 |  12981 |    308 |   7109 |   4048 |   5 | 2657.8 |
   Spider Nest |   1257 |   1257 |      0 |    667 |    105 |   2 |  628.5 |
  Orcish Mines |   5470 |   5466 |      4 |   3274 |   1028 |   2 | 2735.0 |
      Gauntlet |    275 |    275 |      0 |      0 |    116 |   1 |  275.0 |
               +--------+--------+--------+--------+--------+-----+--------+

Top non-repeatable levels by time:
  Lair:2: 3328 daAuts
    D:10: 3036 daAuts
   Orc:1: 2904 daAuts
  Lair:5: 2734 daAuts
  Lair:3: 2665 daAuts
   Orc:2: 2565 daAuts
    D:13: 2534 daAuts
  Lair:1: 2475 daAuts
    D:11: 2087 daAuts
  Lair:4: 2085 daAuts
     D:1: 2071 daAuts
     D:9: 2062 daAuts
     D:8: 1598 daAuts
     D:7: 1498 daAuts
     D:3: 1169 daAuts
